 Dungeon Crawl Stone Soup version 0.31.0-32-g396128a36d (webtiles) character file.

Game seed: 13874782288403441244

87251 spaghetti the Demonologist (level 15, -5/108 HPs)
             Began as a Naga Summoner on Mar 9, 2024.
             Was the Champion of Kikubaaqudgha.
             Slain by a large abomination (15 damage)
             ... on level 3 of the Abyss.
             The game lasted 00:55:10 (26529 turns).

spaghetti the Demonologist (Naga Summoner)         Turns: 26529, Time: 00:55:11

Health: -5/108     AC: 17    Str: 12    XL:     15   Next: 90%
Magic:  15/33      EV: 11    Int: 22    God:    Kikubaaqudgha [******]
Gold:   1962       SH:  0    Dex: 11    Spells: 3/42 levels left

rFire   + + +        G - -1 demon whip (venom)
rCold   x x x        (no shield)
rNeg    . . .        Y - +0 fire dragon scales
rPois   +            c - +2 helmet
rElec   .            y - +1 cloak
rCorr   .            W - +2 pair of gloves
SInv    +            (no barding)
Will    +....        o - amulet of magic regeneration
Stlth   x              - +5 ring of evasion
HPRegen 0.38/turn    l - ring of wizardry
MPRegen 0.63/turn

%: wizardry (x1)
@: very slow
A: AC +5, large, see invisible, deformed body, poison resistance, slowness 2,
spit poison 1, naga tail 2, fire resistance 1, no potion heal 1, [screaming 2],
[cold vulnerability 2]
a: Spit Poison, Renounce Religion, Unearth Wretches, Torment


You were on level 3 of the Abyss.
You worshipped Kikubaaqudgha.
Kikubaaqudgha was exalted by your worship.
You visited 2 branches of the dungeon, and saw 20 of its levels.
You visited the Abyss 1 time.

You collected 1962 gold pieces.

Inventory:

Hand Weapons
 q - the +3 quarterstaff "Hydrabane" {elec, Will+}
   (You found it on level 4 of the Dungeon)

   Will+:     It increases your willpower.
 G - a -1 demon whip of venom (weapon)
Missiles
 r - a throwing net
Armour
 c - a +2 helmet (worn)
 y - a +1 cloak (worn)
 Q - a +2 buckler
 W - a +2 pair of gloves (worn)
 Y - +0 fire dragon scales (worn)
Magical Staves
 N - a staff of fire
Jewellery
 l - a ring of wizardry (right hand)
 o - an amulet of magic regeneration (around neck)
 x - a +5 ring of evasion (left hand)
 E - a ring of magical power
 I - a ring of protection from cold
 J - a ring of fire
 T - an amulet of the acrobat
 U - a ring of flight
Wands
 n - a wand of acid (20)
 p - a wand of polymorph (24)
 z - a wand of roots (24)
 A - a wand of charming (11)
 D - a wand of flame (30)
 R - a wand of digging (3)
Scrolls
 f - 16 scrolls of teleportation
 h - 5 scrolls of fog
 i - 2 scrolls of fear
 j - 6 scrolls of revelation
 m - 5 scrolls of blinking
 u - 2 scrolls of enchant armour
 w - 4 scrolls of amnesia
 B - 2 scrolls of noise
 C - 3 scrolls of poison {unknown}
 K - a scroll of enchant weapon
 L - 3 scrolls of brand weapon
 M - 3 scrolls of vulnerability
 P - 2 scrolls of torment {unknown}
 Z - a scroll of immolation {unknown}
Potions
 a - 3 potions of lignification
 b - a potion of magic
 e - 4 potions of might
 g - 8 potions of curing
 k - 4 potions of heal wounds
 s - a potion of cancellation
 t - a potion of brilliance
 v - 3 potions of enlightenment
 F - 5 potions of berserk rage
 H - 4 potions of haste
 S - 2 potions of ambrosia {unknown}
 V - 5 potions of attraction {unknown}
 X - 2 potions of invisibility {unknown}
Miscellaneous
 O - a condenser vane


   Skills:
 - Level 1.5 Dodging
 - Level 3.0 Stealth
 - Level 14.0 Spellcasting
 - Level 8.0 Hexes
 + Level 21.0 Summonings
 - Level 5.0 Ice Magic
 - Level 5.0 Air Magic


You had 3 spell levels left.
You knew the following spells:

 Your Spells              Type           Power      Damage    Failure   Level
a - Summon Small Mammal   Summ           100%       N/A       0%          1
b - Call Imp              Summ           100%       N/A       0%          2
c - Call Canine Familiar  Summ           82%        N/A       0%          3
d - Summon Ice Beast      Ice/Summ       64%        N/A       1%          3
e - Summon Lightning Spi  Summ/Air       64%        N/A       1%          4
f - Summon Mana Viper     Hex/Summ       68%        N/A       1%          5
g - Monstrous Menagerie   Summ           41%        N/A       1%          7
h - Haunt                 Necr/Summ      28%        N/A       78%         7
i - Summon Hydra          Summ           41%        N/A       1%          7

Your spell library contained the following spells:

 Spells                   Type           Power      Damage    Failure   Level
 Slow                     Hex            100%       N/A       1%          1
 Jinxbite                 Hex            100%       N/A       1%          2
 Confusing Touch          Hex            50%        N/A       1%          3
 Sigil of Binding         Hex            50%        N/A       1%          3
 Ozocubu's Armour         Ice            37%        N/A       4%          3
 Static Discharge         Conj/Air       52%        3-6/arc   7%          2
 Dazzling Flash           Conj/Hex       66%        N/A       8%          3
 Inner Flame              Hex/Fire       33%        N/A       8%          3
 Cigotuvi's Dreadful Rot  Necr/Alch/Air  44%        N/A       11%         2
 Apportation              Tloc           30%        N/A       13%         1
 Kiss of Death            Conj/Necr      60%        2d10      13%         1
 Magic Dart               Conj           60%        1d6       13%         1
 Necrotise                Necr           60%        1d7       13%         1
 Sandblast                Erth           30%        2d9       13%         1
 Sting                    Conj/Alch      60%        1d6       13%         1
 Hailstorm                Conj/Ice       26%        3d7       14%         3
 Blink                    Tloc           30%        N/A       19%         2
 Sublimation of Blood     Necr           15%        N/A       19%         2
 Passwall                 Erth           15%        N/A       34%         3
 Stone Arrow              Conj/Erth      30%        3d8       34%         3
 Vampiric Draining        Necr           15%        2d7       34%         3
 Volatile Blastmotes      Fire/Tloc      30%        2d12      34%         3
 Animate Armour           Summ/Erth      100%       N/A       1%          4
 Martyr's Knell           Necr/Summ      57%        N/A       1%          4
 Summon Blazeheart Golem  Fire/Summ      57%        N/A       1%          4
 Cause Fear               Hex            25%        N/A       4%          4
 Airstrike                Air            18%        2d(3-19)  16%         4
 Anguish                  Hex/Necr       16%        N/A       24%         4
 Dimensional Bullseye     Hex/Tloc       16%        N/A       24%         4
 Metabolic Englaciation   Hex/Ice        22%        N/A       24%         5
 Animate Dead             Necr           15%        N/A       75%         4
 Brom's Barrelling Bould  Conj/Erth      15%        2d4       75%         4
 Flame Wave               Conj/Fire      15%        2d7       75%         4
 Ignite Poison            Fire/Alch      15%        N/A       75%         4
 Alistair's Intoxication  Alch           10%        N/A       96%         5
 Borgnjor's Vile Clutch   Necr/Erth      7%         N/A       96%         5
 Curse of Agony           Necr           15%        N/A       96%         5
 Irradiate                Conj/Alch      7%         3d14      96%         5
 Lee's Rapid Deconstruct  Erth           7%         3d7*      96%         5
 Enfeeble                 Hex            25%        N/A       98%         7
 Plasma Beam              Fire/Air       13%        2x1d24    99%         6
 Sculpt Simulacrum        Ice/Alch       13%        N/A       99%         6
 Starburst                Conj/Fire      7%         6d4       100%        6
 Borgnjor's Revivificati  Necr           7%         N/A       100%        8
 Ignition                 Fire           7%         3d5       100%        8
 Infestation              Necr           7%         N/A       100%        8
 Maxwell's Capacitive Co  Air            18%        ∞         100%        8
 Death's Door             Necr           7%         N/A       100%        9


Dungeon Overview and Level Annotations

Branches:
Dungeon (15/15)            Temple (0/1) D:7            Lair (5/5) D:8
  Swamp (0/4) Lair:2       Spider (0/4) Lair:3        Slime (0/5) Lair:5
    Orc (0/2) D:11         Vaults (0/5) D:14
 Depths: D:15

Altars:
Cheibriados
Dithmenos
Elyvilon
Gozag
Hepliaklqana
Kikubaaqudgha
Qazlal
Ru
Sif Muna
Wu Jian
Yredelemnul

Shops:
D:1 !   D:11 *!:(   D:12 (

Annotations:
D:12 3 runed translucent doors
D:15 Louise
Lair:1 exclusion: oklob plant
Lair:2 1 runed translucent door


Innate Abilities, Weirdness & Mutations

Your serpentine skin is tough. (AC +5)
You have supernaturally acute eyesight. (SInv)
Armour fits poorly on your strangely shaped body.
Your system is resistant to poisons. (rPois)
You cover ground very slowly.
You can spit poison.
You can use your snake-like lower body to constrict enemies.
Your flesh is heat resistant. (rF+)
Potions are less effective at restoring your health.
[You frequently scream uncontrollably at your foes.]
[You are very vulnerable to cold. (rC--)]


Message History

The large abomination hits you.
Your five-headed hydra bites the large abomination!
Your five-headed hydra bites the large abomination.
Your five-headed hydra barely misses the large abomination.
Your five-headed hydra bites the large abomination.
Your five-headed hydra bites the large abomination but does no damage.
The large abomination hits you!!
You hit the large abomination. You grab the large abomination.
The large abomination is heavily damaged.
You constrict the large abomination.
Your five-headed hydra bites the large abomination.
Your five-headed hydra bites the large abomination but does no damage. x2
Your five-headed hydra bites the large abomination. x2
The large abomination hits your five-headed hydra!
Your five-headed hydra bites the large abomination!
The large abomination is destroyed!
Kikubaaqudgha accepts your kill.
You start resting.
Your five-headed hydra disappears in a puff of smoke!
A large abomination comes into view.
A large abomination is nearby!
Casting: Summon Hydra (dangerous; 1% risk of failure)
Confirm with . or Enter, or press ? or * to list all spells.
A six-headed hydra appears.
Casting: Summon Hydra (dangerous; 1% risk of failure)
Confirm with . or Enter, or press ? or * to list all spells.
A seven-headed hydra appears.
The large abomination hits you!!
* * * LOW HITPOINT WARNING * * *
You barely miss the large abomination. You grab the large abomination.
You constrict the large abomination.
Your seven-headed hydra bites the large abomination but does no damage.
Your seven-headed hydra bites the large abomination.
Your seven-headed hydra bites the large abomination but does no damage.
Your seven-headed hydra bites the large abomination.
Your seven-headed hydra completely misses the large abomination.
Your seven-headed hydra bites the large abomination but does no damage. x2
The large abomination hits you!
You die...
Kikubaaqudgha rasps: "You have failed me!
Welcome... death!"

. #..# ...........
.# .......... ..
##.
................ .
........... ......
#.................
#..##......##......
.
.###.....X##......
# #.......@D.......
# #.......D........
..................
.# ................
##................
..._............
##......##......
##......# ......
........ ......


You could see a large abomination (ally target), a friendly seven-headed hydra
(summoned) and a friendly six-headed hydra (summoned).

Vanquished Creatures
  Erolcha (D:13)
  A hydra (D:15)
  A centaur warrior (D:11)
  A two-headed ogre (D:12)
  An elephant (Lair:5)
  2 black mambas
  A komodo dragon (Lair:5)
  Maggie (D:9)
  2 nameless horrors
  A polar bear (Lair:5)
  A hornet (Lair:5)
  A blink frog (Lair:5)
  7 yaks
  A water elemental (D:13)
  A wyvern (D:7)
  A steam dragon (D:4)
  3 acid dragons
  A water moccasin (D:7)
  An ice beast (D:6)
  2 black bears
  A sky beast (D:8)
  An ogre (D:4)
  A wolf (Lair:5)
  2 centaurs
  3 phantoms
  2 lemures (D:5)
  4 bullfrogs
  A gnoll sergeant (D:7)
  2 scorpions (D:6)
  A wight (D:8)
  An electric eel (Lair:4)
  2 orc priests (D:5)
  5 hounds
  An iron imp (Abyss:3)
  An iguana (D:4)
  A sleepcap (D:6)
  4 orc wizards
  6 gnolls
  2 adders
  A white imp (D:7)
  An ufetubus (D:5)
  14 orcs
  A ball python (D:3)
  3 endoplasms
  A giant cockroach (D:3)
  A goblin (D:1)
  A hobgoblin (D:1)
  2 quokkas
  4 bats
  A frilled lizard (D:1)
  5 kobolds
  4 rats
  A spectral kobold (D:8)
112 creatures vanquished.

Vanquished Creatures (collateral kills)
  Kirke (Lair:4)
  A deep elf elementalist (Abyss:3)
  3 very ugly things (Abyss:3)
  A fire dragon (Lair:5)
  The ghost of DrFunkyFeet the Basher, a novice OnMo of Zin (D:8)
  3 boulder beetles
  8 hydras
  3 centaur warriors
  An alligator (Lair:2)
  Erica (D:7)
  A death yak (Lair:4)
  3 two-headed ogres
  A hell hog (Lair:5)
  Sonja (D:13)
  Nergalle (D:12)
  A wretched star (Abyss:3)
  Amaemon (D:9)
  4 skeletal warriors (D:15)
  A nameless horror (D:11)
  Pikel (D:5)
  A lindwurm (Lair:5)
  2 deep elf pyromancers
  A salamander (shapeshifter) (D:14)
  11 ugly things
  3 cyclopes
  2 large abominations (Abyss:3)
  An oklob plant (Lair:5)
  Joseph (Lair:1)
  3 black mambas
  21 elephants
  2 orange demons
  3 rime drakes
  6 torpor snails
  5 cane toads
  A kobold demonologist (D:10)
  An unseen horror (D:12)
  Jeremiah (D:8)
  An efreet (D:14)
  7 komodo dragons
  4 trolls
  A tengu conjurer (D:15)
  A troll (shapeshifter) (D:14)
  11 polar bears
  5 hornets (Lair:5)
  A hornet (shapeshifter) (D:13)
  3 tyrant leeches (Lair:5)
  4 raiju (Lair:5)
  16 blink frogs
  8 slime creatures (D:15)
  2 jumping spiders (Lair:3)
  A shadow (D:11)
  47 yaks
  2 small abominations (Abyss:3)
  9 wyverns
  3 wraiths
  2 water elementals (D:13)
  2 hogs (Lair:4)
  4 wargs (Lair:5)
  7 basilisks
  A steam dragon (D:8)
  2 redbacks (Lair:3)
  16 water moccasins
  13 hell hounds (Lair:5)
  4 orc warriors
  A sky beast (shapeshifter) (D:15)
  A sky beast (D:5)
  10 black bears (Lair:5)
  17 wolves
  4 ogres
  5 centaurs
  A phantom (D:6)
  6 scorpions
  5 bullfrogs
  6 wights
  A jelly (D:6)
  19 killer bees
  5 electric eels
  A howler monkey (D:10)
  4 bombardier beetles
  An iron imp (Abyss:3)
  2 gnoll boudas
  Crazy Yiuf (D:5)
  5 orc priests
  3 hounds
  3 starcursed masses (Abyss:3)
  7 orc wizards
  10 gnolls
  6 adders
  A white imp (D:7)
  2 ufetubi (D:6)
  A dart slug (D:3)
  4 ribbon worms
  36 orcs
  3 endoplasms
  5 hobgoblins
  6 kobolds
  5 quokkas
  3 ball pythons
  5 bats
  3 frilled lizards
  2 goblins (D:1)
  A rat (D:3)
481 creatures vanquished.

Vanquished Creatures (others)
  A lindwurm (Lair:5)
  A human (Lair:4)
  2 chaos spawn (Abyss:3)
  4 fire bats (Abyss:3)
  2 wolves (Lair:5)
  An orc wizard (D:10)
  2 orcs (D:8)
13 creatures vanquished.

Grand Total: 606 creatures vanquished

Notes
Turn   | Place    | Note
-------+----------+-------------------------------------------
     0 | D:1      | spaghetti the Naga Summoner began the quest for the Orb.
     0 | D:1      | Reached XP level 1. HP: 15/15 MP: 3/3
    64 | D:1      | Reached XP level 2. HP: 22/22 MP: 3/5
   116 | D:1      | Learned a level 2 spell: Call Imp
   373 | D:1      | Found a faded altar of an unknown god.
   401 | D:1      | Reached XP level 3. HP: 24/28 MP: 3/6
   456 | D:1      | Prayed at the altar of an unknown god.
   456 | D:1      | Became a worshipper of Kikubaaqudgha
   456 | D:1      | Reached * piety under Kikubaaqudgha
   456 | D:1      | Received a gift from Kikubaaqudgha
   461 | D:1      | Learned a level 3 spell: Call Canine Familiar
   770 | D:1      | Found Dairolas's Distillery.
  1325 | D:2      | Found a shimmering blue altar of Sif Muna.
  1401 | D:2      | Reached XP level 4. HP: 7/36 MP: 3/9
  1452 | D:2      | Learned a level 3 spell: Summon Ice Beast
  2577 | D:3      | Reached skill level 1 in Ice Magic
  2577 | D:3      | Reached XP level 5. HP: 35/42 MP: 1/11
  2754 | D:3      | Found a snail-covered altar of Cheibriados.
  2914 | D:3      | Reached ** piety under Kikubaaqudgha
  3186 | D:3      | Found an ancient bone altar of Kikubaaqudgha.
  3423 | D:3      | Found a basalt altar of Yredelemnul.
  3500 | D:4      | Reached skill level 5 in Summonings
  3504 | D:4      | Reached XP level 6. HP: 40/49 MP: 10/12
  3540 | D:4      | Identified the +3 quarterstaff "Hydrabane" {elec, Will+}
  3686 | D:4      | Noticed a steam dragon
  3700 | D:4      | Killed a steam dragon
  3801 | D:4      | Reached XP level 7. HP: 55/55 MP: 8/14
  4182 | D:4      | Reached skill level 5 in Spellcasting
  4512 | D:5      | Entered Level 5 of the Dungeon
  4799 | D:5      | Found an opulent altar of Gozag.
  4811 | D:5      | Reached skill level 6 in Summonings
  5018 | D:5      | Reached XP level 8. HP: 62/62 MP: 14/16
  5226 | D:5      | Found a runed translucent door.
  5228 | D:5      | Noticed Crazy Yiuf
  5422 | D:5      | Noticed Pikel
  5440 | D:5      | Killed Pikel
  5441 | D:5      | Reached skill level 7 in Summonings
  5441 | D:5      | Reached skill level 5 in Ice Magic
  5903 | D:5      | Killed Crazy Yiuf
  6039 | D:6      | Reached XP level 9. HP: 42/68 MP: 12/19
  6131 | D:5      | Reached skill level 8 in Summonings
  6411 | D:5      | Reached *** piety under Kikubaaqudgha
  6411 | D:5      | Received a gift from Kikubaaqudgha
  6622 | D:6      | Noticed a troll
  6630 | D:6      | Killed a troll
  6679 | D:6      | Reached skill level 9 in Summonings
  7333 | D:7      | Reached XP level 10. HP: 75/75 MP: 16/22
  7518 | D:7      | Reached skill level 10 in Summonings
  8214 | D:7      | Found an ornate altar of the Wu Jian Council.
  8427 | D:7      | Found a staircase to the Ecumenical Temple.
  8912 | D:8      | Noticed Erica
  9351 | D:8      | Noticed Jeremiah
  9372 | D:8      | Learned a level 4 spell: Summon Lightning Spire
  9379 | D:8      | Found a hazy altar of Hepliaklqana.
  9382 | D:8      | Killed Jeremiah
  9383 | D:8      | Reached skill level 1 in Air Magic
  9467 | D:8      | Reached **** piety under Kikubaaqudgha
  9767 | D:8      | Noticed a two-headed ogre
  9774 | D:8      | Killed a two-headed ogre
  9775 | D:8      | Reached skill level 10 in Spellcasting
  9775 | D:8      | Reached skill level 11 in Summonings
 10029 | D:8      | Found a stormy altar of Qazlal.
 10110 | D:8      | Found a runed translucent door.
 10110 | D:8      | Noticed DrFunkyFeet's ghost (novice OnMo)
 10136 | D:8      | Found a staircase to the Lair.
 10150 | D:8      | Reached XP level 11. HP: 13/81 MP: 21/25
 10450 | D:8      | Found a faded altar of an unknown god.
 10450 | D:8      | Found a faded altar of an unknown god.
 10472 | D:8      | Found a shadowy altar of Dithmenos.
 10474 | D:8      | Found a white marble altar of Elyvilon.
 10476 | D:8      | Found a sacrificial altar of Ru.
 10578 | D:8      | Killed DrFunkyFeet's ghost
 10579 | D:8      | Reached skill level 5 in Air Magic
 10598 | D:8      | Gained mutation: Potions are less effective at restoring
                  | your health. [potion of mutation]
 10598 | D:8      | Gained mutation: You are weak. (Str -2) [potion of
                  | mutation]
 10598 | D:8      | Lost mutation: You are weak. (Str -2) [potion of mutation]
 10598 | D:8      | Gained mutation: Your flesh is heat resistant. (rF+)
                  | [potion of mutation]
 10614 | D:9      | Noticed Maggie
 10622 | D:9      | Killed Maggie
 10829 | D:9      | Learned a level 5 spell: Summon Mana Viper
 10839 | D:9      | Noticed a two-headed ogre
 10850 | D:9      | Killed a two-headed ogre
 10851 | D:9      | Reached skill level 1 in Hexes
 10908 | D:9      | Noticed Amaemon
 10937 | D:9      | Killed Amaemon
 11170 | D:9      | Identified the +9 sling of Focus {drain, rElec rC+ MP+9
                  | Stlth+}
 11695 | D:7      | Killed Erica
 11796 | Lair:1   | Entered Level 1 of the Lair of Beasts
 11855 | Lair:1   | Noticed Joseph
 11868 | Lair:1   | Killed Joseph
 11939 | Lair:1   | Reached XP level 12. HP: 75/88 MP: 26/28
 11941 | Lair:1   | Reached skill level 5 in Hexes
 12153 | Lair:1   | Reached ***** piety under Kikubaaqudgha
 12637 | Lair:1   | You fall into a shaft and drop 1 floor!
 13504 | Lair:2   | Noticed a four-headed hydra
 13510 | Lair:2   | Killed a four-headed hydra
 13898 | Lair:2   | Learned a level 7 spell: Monstrous Menagerie
 13937 | Lair:2   | Noticed a dire elephant
 13937 | Lair:2   | Noticed a catoblepas
 13937 | Lair:2   | Found the ring of the Hare {EV+10}
 13957 | Lair:2   | Found a runed translucent door.
 14133 | Lair:2   | Found a staircase to the Swamp.
 14133 | Lair:2   | Noticed an alligator
 14168 | Lair:2   | Killed an alligator
 14631 | Lair:3   | Found a hole to the Spider Nest.
 14908 | Lair:3   | Noticed a five-headed hydra
 14917 | Lair:3   | Killed a five-headed hydra
 15232 | Lair:4   | Noticed Kirke
 15367 | Lair:4   | Gained mutation: You can use your snake-like lower body to
                  | constrict enemies. [Naga growth]
 15367 | Lair:4   | Reached XP level 13. HP: 94/94 MP: 23/30
 15478 | Lair:4   | Reached skill level 12 in Summonings
 15487 | Lair:4   | Killed Kirke
 15827 | Lair:4   | Reached skill level 13 in Summonings
 16052 | Lair:4   | Reached skill level 14 in Summonings
 16843 | Lair:5   | Entered Level 5 of the Lair of Beasts
 17101 | Lair:5   | Reached skill level 15 in Summonings
 17103 | Lair:5   | Reached ****** piety under Kikubaaqudgha
 17197 | Lair:5   | Got the Commentary on Impure Heat
 17579 | Lair:5   | Reached XP level 14. HP: 102/102 MP: 23/32
 17826 | Lair:5   | Reached skill level 16 in Summonings
 18466 | Lair:5   | Identified the +1 great mace of Parts Unknown {holy, ^Drain
                  | +Blink rElec rN++}
 18521 | Lair:5   | Reached skill level 17 in Summonings
 19003 | Lair:5   | Found a staircase to the Slime Pits.
 19284 | Lair:5   | Reached skill level 18 in Summonings
 19857 | D:10     | Entered Level 10 of the Dungeon
 20007 | D:10     | Received a gift from Kikubaaqudgha (forbidden knowledge)
 20016 | D:10     | Learned a level 7 spell: Haunt
 20701 | D:10     | Found a shimmering blue altar of Sif Muna.
 20870 | D:11     | Found Lol Wav's Book Shoppe.
 20932 | D:11     | Found Iwnuskia's Distillery.
 20978 | D:11     | Found Zopuplof's General Store.
 21310 | D:11     | Found Teje's Weapon Boutique.
 21310 | D:11     | Found a staircase to the Orcish Mines.
 21450 | D:11     | Reached XP level 15. HP: 39/108 MP: 26/33
 22228 | D:12     | Found a runed translucent door.
 22228 | D:12     | Found a runed translucent door.
 22806 | D:12     | Found a runed translucent door.
 23033 | D:12     | Reached skill level 19 in Summonings
 23071 | D:12     | Noticed Nergalle
 23076 | D:12     | Killed Nergalle
 23111 | D:12     | Found Meowim Qoty's Antique Weapon Shop.
 23348 | D:13     | Noticed Sonja
 23354 | D:13     | Killed Sonja
 23778 | D:13     | Noticed Erolcha
 23780 | D:13     | Learned a level 7 spell: Summon Hydra
 23817 | D:13     | Killed Erolcha
 25595 | D:14     | Found a sacrificial altar of Ru.
 25719 | D:14     | Found a gate to the Vaults.
 26206 | D:15     | Entered Level 15 of the Dungeon
 26215 | D:15     | Reached skill level 20 in Summonings
 26344 | D:15     | Noticed Louise
 26350 | Abyss:3  | Cast into level 3 of the Abyss (Louise)
 26443 | Abyss:3  | Noticed a deep elf elementalist
 26445 | Abyss:3  | Killed a deep elf elementalist
 26460 | Abyss:3  | Found a radiant altar of Vehumet.
 26515 | Abyss:3  | Reached skill level 21 in Summonings
 26529 | Abyss:3  | Slain by a large abomination

Illustrated notes

Levels and vault maps discovered:
D:1:      tarquinn_simple_flora_water_f, layout_basic, serial_shops, shop,
          shapermc_ecumenical_altar_flowoftime, minmay_misc_feat_four_crosses
D:2:      layout_loops_cross, basic_altar
D:3:      layout_basic, mainiacjoe_overflow_alcove_2,
          mainiacjoe_overflow_catwalk_spiral, grunt_decor_junction
D:4:      layout_cave_pods
D:5:      layout_basic, nicolae_gozag_seed_capital, uniq_crazy_yiuf_cottage,
          uniq_pikel
D:6:      cheibrodos_fzero, layout_basic
D:7:      layout_basic, nicolae_overflow_hidden_temple, temple_fountains,
          chequers_serial_rivers_small_3
D:8:      layout_basic, nicolae_qazlal_beasts_of_the_sky,
          chequers_temple_overflow_minitemple,
          nicolae_hepliaklqana_monster_ancestors, david_lair_shrubbed,
          special_room [special_room_orc], gammafunk_ghost_grave, uniq_erica,
          uniq_jeremiah
D:9:      layout_roguey, uniq_maggie, uniq_amaemon
D:10:     layout_cave_pods, kennysheep_orc_sif_temple
D:11:     layout_basic, orc_david_3, serial_glass, glass_columns_a,
          glass_columns_c, feat_on_display, feat_on_display, item_on_display_a,
          serial_shops, shop, kennysheep_little_box,
          nicolae_shop_advertising_works [nicolae_subvault_shop_adworks]
D:12:     layout_stronghold, serial_shops, shop, mikee_hates_you, uniq_nergalle
D:13:     layout_basic, serial_bayou, serial_bayou_lagoon_a,
          serial_bayou_ford_a, serial_bayou_lagoon_b, serial_bayou_shore_b,
          serial_bayou_lake_a, serial_bayou_pond_c, uniq_erolcha, uniq_sonja
D:14:     layout_grid_maze, hellmonk_vaults_attempted_burglary,
          lemuel_crystal_altar
D:15:     hangedman_depths_entry_civil_slaughter, layout_cave_pools,
          uniq_roxanne, uniq_louise
Lair:1:   minmay_lair_oklob_tunnel, layout_loops_ring, uniq_joseph
Lair:2:   gammafunk_lair_enchanted_lake, layout_regular_city,
          mainiacjoe_swamp_entry_lozenge_pond, grunt_megastairs_1,
          infiniplex_staircase_pool
Lair:3:   layout_hall_layers, spider_nest_entry_a
Lair:4:   layout_gridlike, beast_lair_carwin_1, serial_bayou_shore_b,
          lemuel_fruit_tree, uniq_kirke
Lair:5:   wormcave, layout_hall_layers, hangedman_lair_caniforms_friends,
          slime_entry_1, small_statue_intersection, pdpol_lair_neglected_garden,
          minmay_stone_trees_small
Abyss:3:  base: D:2, due_evilmike_abyss_rune_seething_liches,
          hangedman_abyss_theft

Skill      XL: |  1  2  3  4  5  6  7  8  9 10 11 12 13 14 15 |
---------------+----------------------------------------------+-----
Spellcasting   | 3 4 5 6 8 10 12 13 14 | 14.0
Ice Magic      | 1 2 3 4 5 |  5.0
Summonings     | 5 6 7 9 11 15 18 21 | 21.0
Air Magic      | 3 5 |  5.0
Hexes          | 4 8 |  8.0
Dodging        | |  1.5
Stealth        | |  3.0

Action                     |  1- 3 |  4- 6 |  7- 9 | 10-12 | 13-15 || total
---------------------------+-------+-------+-------+-------+-------++-------
  Melee: Unarmed           |     7 |       |       |       |       ||     7
         Mace              |    73 |    31 |       |       |       ||   104
         Punch             |     1 |       |       |     2 |     1 ||     4
         Quarterstaff      |       |    10 |    99 |    81 |       ||   190
         Demon whip        |       |       |       |    67 |   241 ||   308
         War axe           |       |       |       |    17 |       ||    17
         Constrict         |       |       |       |       |    46 ||    46
   Cast: Summon Small Mamm |    19 |     5 |    37 |    45 |    21 ||   127
         Call Imp          |    11 |    22 |    37 |    57 |    20 ||   147
         Call Canine Famil |     8 |    18 |    36 |    54 |    26 ||   142
         Summon Ice Beast  |       |    20 |    41 |    73 |    34 ||   168
         Summon Lightning  |       |       |       |    38 |    48 ||    86
         Summon Mana Viper |       |       |       |    45 |    38 ||    83
         Monstrous Menager |       |       |       |       |   149 ||   149
         Summon Hydra      |       |       |       |       |    51 ||    51
 Invoke: Receive Forbidden |       |       |       |       |     1 ||     1
Ability: Spit Poison       |     5 |       |       |       |       ||     5
  Evoke: Condenser vane    |       |       |       |       |     1 ||     1
    Use: Potion            |       |     4 |       |     1 |     1 ||     6
         Scroll            |       |       |    10 |     5 |     9 ||    24
   Stab: Sleeping          |     2 |     1 |       |       |       ||     3
         Distracted        |     1 |       |       |     3 |     5 ||     9
         Paralysed         |       |       |       |       |     1 ||     1
 Armour: Robe              |    75 |    39 |   112 |    91 |       ||   317
         Steam dragon scal |       |       |       |   113 |   176 ||   289
         Fire dragon scale |       |       |       |       |   152 ||   152
  Dodge: Dodged            |    65 |    35 |   109 |   220 |   230 ||   659
